[ AOE2 MATCH · #505450206 ]
UnrankedVietnamese vs Wu
Player's team · WIN
Rival team · LOSS
[ REPLAY ANALYSIS · EXTRACTED FROM THE RECORDED GAME ]
Feudal
8:51
Castle
21:13
Imperial
33:41
| APM avg | 90.7 |
| APM peak | 166 |
| eAPM avg | 44.8 |
| Villagers / military | 117 / 63 |
Focus
⚔️ 60.5% · 🌾 39.5%
Archer ×55 · Skirmisher ×5 · Mangonel ×2 · Battering Ram ×1
Feudal
13:08
Castle
16:38
Imperial
—
| APM avg | 61.2 |
| APM peak | 107 |
| eAPM avg | 22.0 |
| Villagers / military | 117 / 35 |
Focus
⚔️ 30.3% · 🌾 69.7%
Unknown (1974) ×52 · Archer ×15 · Mangonel ×9 · Skirmisher ×6 · Militia ×3 · Monk ×2
Match map
Initial resources + every placement click. Lines = walls · curves = elevation contours. ◆ gold · ⬟ stone · ● berries · ✦ relic · ◌ wall gap
Your base· Open — 4t gap
puiu's base· ✓ Closed at 16:38 · 12t walls · 1 gate(s)
Smoothed initial terrain · ◌ = detected wall gap · hover for details
Inputs per minute
— General Nguyễn - - puiu
Build order — General Nguyễn
First 150 of 295 actions detected
| 0:01 | Queue | Villager (Male) |
| 0:01 | Queue | Villager (Male) |
| 0:02 | Build | House |
| 0:06 | Build | House |
| 0:11 | Queue | Villager (Male) |
| 0:12 | Queue | Villager (Male) |
| 1:26 | Queue | Villager (Male) |
| 1:56 | Queue | Villager (Male) |
| 1:56 | Queue | Villager (Male) |
| 2:17 | Build | Lumber Camp |
| 2:30 | Queue | Villager (Male) |
| 2:31 | Queue | Villager (Male) |
| 2:31 | Queue | Villager (Male) |
| 2:57 | Queue | Villager (Male) |
| 2:57 | Queue | Villager (Male) |
| 3:24 | Build | House |
| 3:43 | Queue | Villager (Male) |
| 3:43 | Queue | Villager (Male) |
| 3:44 | Queue | Villager (Male) |
| 4:25 | Queue | Villager (Male) |
| 4:26 | Queue | Villager (Male) |
| 4:32 | Queue | Villager (Male) |
| 4:32 | Queue | Villager (Male) |
| 4:44 | Build | Mining Camp |
| 5:03 | Queue | Villager (Male) |
| 5:03 | Queue | Villager (Male) |
| 5:13 | Queue | Villager (Male) |
| 5:15 | Queue | Villager (Male) |
| 5:21 | Research | Loom |
| 6:41 | Research | Feudal Age |
| 6:41 | Research | Feudal Age |
| 7:29 | Build | Palisade Wall |
| 7:35 | Build | Palisade Wall |
| 7:36 | Build | Palisade Wall |
| 7:38 | Build | Palisade Wall |
| 8:18 | Build | House |
| 8:25 | Build | Barracks |
| 8:51 | Age | Feudal Age |
| 8:53 | Queue | Villager (Male) |
| 8:54 | Queue | Villager (Male) |
| 8:55 | Research | Double-Bit Axe |
| 9:11 | Build | Archery Range |
| 9:12 | Queue | Villager (Male) |
| 9:21 | Research | Loom |
| 9:34 | Build | Blacksmith |
| 9:37 | Queue | Villager (Male) |
| 9:42 | Queue | Villager (Male) |
| 9:44 | Queue | Archer |
| 9:45 | Queue | Archer |
| 9:45 | Queue | Archer |
| 9:58 | Queue | Archer |
| 10:00 | Queue | Villager (Male) |
| 10:05 | Queue | Archer |
| 10:30 | Queue | Villager (Male) |
| 10:38 | Research | Fletching |
| 10:43 | Queue | Archer |
| 10:54 | Build | Mill |
| 11:00 | Build | House |
| 11:12 | Queue | Villager (Male) |
| 11:38 | Queue | Archer |
| 11:57 | Build | Palisade Wall |
| 11:59 | Build | Palisade Wall |
| 11:59 | Build | Palisade Wall |
| 12:02 | Queue | Villager (Male) |
| 12:05 | Build | House |
| 12:12 | Build | Palisade Wall |
| 12:32 | Queue | Villager (Male) |
| 12:33 | Queue | Archer |
| 12:36 | Queue | Villager (Male) |
| 12:42 | Research | Wheelbarrow |
| 12:56 | Queue | Archer |
| 13:03 | Build | Palisade Wall |
| 13:10 | Queue | Villager (Male) |
| 13:10 | Queue | Villager (Male) |
| 13:22 | Build | Farm |
| 13:22 | Build | Farm |
| 13:22 | Build | Farm |
| 13:23 | Build | Farm |
| 13:23 | Build | Farm |
| 13:23 | Build | Farm |
| 13:23 | Build | Farm |
| 13:30 | Queue | Villager (Male) |
| 13:30 | Queue | Villager (Male) |
| 13:33 | Queue | Archer |
| 13:43 | Queue | Villager (Male) |
| 13:54 | Build | Farm |
| 13:59 | Queue | Villager (Male) |
| 14:06 | Build | House |
| 14:37 | Queue | Villager (Male) |
| 14:38 | Queue | Archer |
| 14:46 | Queue | Skirmisher |
| 14:47 | Queue | Skirmisher |
| 14:49 | Queue | Villager (Male) |
| 14:54 | Build | House |
| 14:56 | Build | House |
| 15:11 | Queue | Villager (Male) |
| 15:16 | Build | Farm |
| 15:16 | Build | Farm |
| 15:18 | Build | Farm |
| 15:21 | Queue | Villager (Male) |
| 15:28 | Queue | Skirmisher |
| 15:45 | Queue | Villager (Male) |
| 15:51 | Build | Farm |
| 15:51 | Queue | Villager (Male) |
| 16:11 | Queue | Villager (Male) |
| 16:12 | Queue | Archer |
| 16:13 | Queue | Archer |
| 16:40 | Queue | Villager (Male) |
| 17:08 | Queue | Villager (Male) |
| 17:10 | Build | Farm |
| 17:12 | Build | Farm |
| 17:14 | Build | Farm |
| 17:38 | Queue | Archer |
| 17:39 | Queue | Villager (Male) |
| 17:59 | Queue | Archer |
| 18:04 | Build | Palisade Wall |
| 18:05 | Build | Palisade Wall |
| 18:11 | Build | Palisade Wall |
| 18:13 | Build | Palisade Wall |
| 18:16 | Queue | Villager (Male) |
| 18:20 | Build | Farm |
| 18:22 | Queue | Villager (Male) |
| 18:33 | Research | Castle Age |
| 18:34 | Research | Castle Age |
| 18:45 | Build | Watch Tower |
| 19:14 | Queue | Skirmisher |
| 19:15 | Queue | Skirmisher |
| 19:20 | Build | House |
| 19:26 | Build | House |
| 19:28 | Research | Gold Mining |
| 19:56 | Build | House |
| 20:16 | Research | Horse Collar |
| 20:29 | Queue | Archer |
| 20:42 | Queue | Archer |
| 21:13 | Age | Castle Age |
| 21:15 | Research | Bodkin Arrow |
| 21:16 | Research | Crossbowman (upgrade) |
| 21:19 | Queue | Villager (Male) |
| 21:19 | Queue | Villager (Male) |
| 21:21 | Research | Bow Saw |
| 21:43 | Queue | Villager (Male) |
| 21:50 | Research | Hand Cart |
| 22:02 | Queue | Archer |
| 22:02 | Queue | Archer |
| 22:08 | Queue | Archer |
| 22:17 | Build | Siege Workshop |
| 22:19 | Queue | Villager (Male) |
| 22:19 | Queue | Villager (Male) |
| 22:26 | Queue | Villager (Male) |
| 22:31 | Queue | Archer |
Build order — puiu
First 150 of 323 actions detected
| 0:01 | Queue | Villager (Male) |
| 0:01 | Queue | Villager (Male) |
| 0:01 | Queue | Villager (Male) |
| 0:02 | Build | House |
| 0:04 | Build | House |
| 0:27 | Queue | Villager (Male) |
| 1:32 | Queue | Villager (Male) |
| 1:32 | Queue | Villager (Male) |
| 1:52 | Build | Lumber Camp |
| 2:09 | Queue | Villager (Male) |
| 2:09 | Queue | Villager (Male) |
| 2:09 | Queue | Villager (Male) |
| 2:14 | Queue | Villager (Male) |
| 2:15 | Queue | Villager (Male) |
| 3:00 | Queue | Villager (Male) |
| 3:00 | Queue | Villager (Male) |
| 3:56 | Build | House |
| 4:00 | Research | Loom |
| 4:00 | Queue | Villager (Male) |
| 4:01 | Queue | Villager (Male) |
| 4:01 | Queue | Villager (Male) |
| 4:01 | Queue | Villager (Male) |
| 4:41 | Build | Mill |
| 4:54 | Build | Barracks |
| 4:58 | Queue | Villager (Male) |
| 4:58 | Queue | Villager (Male) |
| 4:58 | Queue | Villager (Male) |
| 5:17 | Build | House |
| 5:49 | Queue | Militia |
| 5:49 | Queue | Militia |
| 5:50 | Queue | Militia |
| 6:04 | Build | House |
| 6:21 | Queue | Villager (Male) |
| 6:21 | Queue | Villager (Male) |
| 6:21 | Queue | Villager (Male) |
| 6:36 | Build | Mill |
| 6:41 | Queue | Villager (Male) |
| 6:41 | Queue | Villager (Male) |
| 7:03 | Build | House |
| 7:12 | Research | Loom |
| 7:15 | Build | House |
| 7:36 | Queue | Villager (Male) |
| 8:21 | Queue | Villager (Male) |
| 9:17 | Queue | Villager (Male) |
| 9:17 | Queue | Villager (Male) |
| 9:34 | Build | Mining Camp |
| 9:43 | Queue | Villager (Male) |
| 10:09 | Queue | Villager (Male) |
| 10:42 | Build | House |
| 10:44 | Build | House |
| 10:58 | Research | Feudal Age |
| 11:23 | Build | Palisade Wall |
| 11:32 | Build | Palisade Gate |
| 11:43 | Queue | Villager (Male) |
| 11:45 | Build | House |
| 12:21 | Queue | Villager (Male) |
| 13:08 | Age | Feudal Age |
| 13:09 | Build | Palisade Wall |
| 13:11 | Build | Archery Range |
| 13:16 | Build | Blacksmith |
| 13:41 | Build | Farm |
| 13:44 | Build | Farm |
| 13:46 | Build | Farm |
| 13:48 | Build | Farm |
| 13:58 | Research | Castle Age |
| 13:59 | Research | Castle Age |
| 14:05 | Queue | Skirmisher |
| 14:06 | Queue | Skirmisher |
| 14:39 | Research | Fletching |
| 14:47 | Queue | Skirmisher |
| 14:47 | Queue | Skirmisher |
| 14:48 | Queue | Villager (Male) |
| 14:51 | Build | Archery Range |
| 14:55 | Build | Farm |
| 14:55 | Build | Farm |
| 15:16 | Queue | Skirmisher |
| 15:16 | Queue | Skirmisher |
| 16:06 | Queue | Archer |
| 16:06 | Queue | Archer |
| 16:09 | Research | Padded Archer Armor |
| 16:17 | Build | Farm |
| 16:38 | Age | Castle Age |
| 16:44 | Queue | Archer |
| 16:44 | Queue | Archer |
| 16:44 | Queue | Archer |
| 17:10 | Queue | Villager (Male) |
| 17:11 | Queue | Villager (Male) |
| 17:11 | Queue | Villager (Male) |
| 17:25 | Build | Farm |
| 17:27 | Build | Farm |
| 17:29 | Build | Town Center |
| 18:04 | Build | Farm |
| 18:05 | Build | Farm |
| 18:14 | Research | Crossbowman (upgrade) |
| 18:14 | Research | Crossbowman (upgrade) |
| 18:21 | Queue | Archer |
| 18:22 | Queue | Archer |
| 19:08 | Queue | Archer |
| 19:27 | Research | Bodkin Arrow |
| 19:27 | Research | Bodkin Arrow |
| 20:01 | Queue | Villager (Male) |
| 20:01 | Queue | Villager (Male) |
| 20:01 | Queue | Villager (Male) |
| 20:10 | Build | Farm |
| 20:10 | Queue | Villager (Male) |
| 20:11 | Queue | Villager (Male) |
| 20:16 | Build | Farm |
| 20:25 | Queue | Archer |
| 20:25 | Queue | Archer |
| 20:33 | Build | Siege Workshop |
| 20:39 | Queue | Archer |
| 20:39 | Queue | Archer |
| 20:39 | Queue | Archer |
| 20:55 | Queue | Archer |
| 20:55 | Queue | Archer |
| 20:56 | Queue | Villager (Male) |
| 20:56 | Queue | Villager (Male) |
| 20:56 | Queue | Villager (Male) |
| 21:06 | Queue | Unit 1974 |
| 21:06 | Queue | Unit 1974 |
| 21:17 | Queue | Villager (Male) |
| 21:17 | Queue | Villager (Male) |
| 21:32 | Queue | Unit 1974 |
| 21:35 | Queue | Villager (Male) |
| 21:35 | Queue | Villager (Male) |
| 22:07 | Queue | Unit 1974 |
| 22:07 | Queue | Unit 1974 |
| 22:08 | Queue | Villager (Male) |
| 22:09 | Queue | Villager (Male) |
| 22:19 | Build | House |
| 22:21 | Build | House |
| 22:21 | Build | House |
| 22:21 | Build | House |
| 22:25 | Queue | Mangonel |
| 22:32 | Queue | Villager (Male) |
| 22:32 | Queue | Villager (Male) |
| 22:36 | Build | Farm |
| 22:37 | Build | Farm |
| 22:47 | Queue | Villager (Male) |
| 22:47 | Queue | Villager (Male) |
| 23:00 | Queue | Villager (Male) |
| 23:01 | Queue | Villager (Male) |
| 23:05 | Queue | Mangonel |
| 23:26 | Build | Farm |
| 23:37 | Queue | Unit 1974 |
| 23:45 | Queue | Villager (Male) |
| 23:45 | Queue | Villager (Male) |
| 23:53 | Queue | Villager (Male) |
| 23:53 | Queue | Villager (Male) |
| 24:09 | Queue | Villager (Male) |
Match timeline
| 4:54 | puiu · first_building Barracks |
| 7:29 | General Nguyễn · wall_segment Palisade Wall x1 |
| 7:35 | General Nguyễn · wall_segment Palisade Wall x1 |
| 7:36 | General Nguyễn · wall_segment Palisade Wall x1 |
| 7:38 | General Nguyễn · wall_segment Palisade Wall x1 |
| 8:25 | General Nguyễn · first_building Barracks |
| 8:51 | General Nguyễn · age_up feudal |
| 9:11 | General Nguyễn · first_building Archery Range |
| 11:23 | puiu · wall_segment Palisade Wall x8 |
| 11:57 | General Nguyễn · wall_segment Palisade Wall x1 |
| 11:59 | General Nguyễn · wall_segment Palisade Wall x1 |
| 11:59 | General Nguyễn · wall_segment Palisade Wall x1 |
| 12:12 | General Nguyễn · wall_segment Palisade Wall x1 |
| 13:03 | General Nguyễn · wall_segment Palisade Wall x1 |
| 13:08 | puiu · age_up feudal |
| 13:09 | puiu · wall_segment Palisade Wall x4 |
| 13:11 | puiu · first_building Archery Range |
| 16:38 | puiu · age_up castle |
| 18:04 | General Nguyễn · wall_segment Palisade Wall x1 |
| 18:05 | General Nguyễn · wall_segment Palisade Wall x1 |
| 18:11 | General Nguyễn · wall_segment Palisade Wall x1 |
| 18:13 | General Nguyễn · wall_segment Palisade Wall x1 |
| 20:33 | puiu · first_building Siege Workshop |
| 21:13 | General Nguyễn · age_up castle |
| 22:17 | General Nguyễn · first_building Siege Workshop |
| 26:57 | puiu · first_market_buy 100 food |
| 30:25 | puiu · first_building Monastery |
| 30:25 | General Nguyễn · first_market_sell 100 food |
| 33:41 | General Nguyễn · age_up imperial |
| 37:27 | General Nguyễn · first_building Castle |
| 38:17 | puiu · resign |
[ AI ANALYSIS · 1 CREDIT ]
What really happened in this match?
Wolo.gg analyzes every decision: build order, eco, micro, common mistakes by bracket. Personalized analysis on WhatsApp or Discord in 30 seconds.
Civ guide
Vietnamese
Perfil
Jugador #8727964